SAL
AUGUSTA GREENJACKETS @ GREENVILLE DRIVE
05/10/2099
 
TOP OF THE 1ST
Augusta GreenJackets batting - Pitching for Greenville Drive : RHP Chad Cheney
Pitching: RHP Chad Cheney
Batting: RHB Matt Bobrick 0-0: Foul Ball, location: 2F
0-1: Ball
1-1: Foul Ball, location: 3F
1-2: Strikes out looking
Batting: RHB Scott Clara 0-0: Ball
1-0: Swinging Strike
1-1: Hit by Pitch
Batting: SHB Matt Russ 0-0: Ball
1-0: Foul Ball, location: 23F
1-1: Called Strike
1-2: Fly out, F5 (Popup, 5, EV 71.3 MPH)
Batting: RHB Michael Meinert 0-0: Ball
1-0: Called Strike
1-1: Swinging Strike
1-2: Ball
2-2: Strikes out looking
Top of the 1st over - 0 runs, 0 hits, 0 errors, 1 left on base; Augusta 0 - Greenville 0
BOTTOM OF THE 1ST
Greenville Drive batting - Pitching for Augusta GreenJackets : RHP Jamar Smith
Pitching: RHP Jamar Smith
Batting: LHB Chris Ward 0-0: Called Strike
0-1: Swinging Strike
0-2: Ball
1-2: Strikes out looking
Batting: RHB Frank Kravitz 0-0: Swinging Strike
0-1: Ball
1-1: Ball
2-1: Ball
3-1: Base on Balls
Batting: LHB James Borst 0-0: Ball
1-0: Fly out, F8 (Flyball, 8LXD, EV 110.0 MPH)
Batting: RHB Rich Bledsoe 0-0: Called Strike
0-1: Foul Ball, location: 25FF
0-2: Ball
1-2: Ball
2-2: Foul Ball, location: 3F
2-2: Strikes out swinging
Bottom of the 1st over - 0 runs, 0 hits, 0 errors, 1 left on base; Augusta 0 - Greenville 0
TOP OF THE 2ND
Augusta GreenJackets batting - Pitching for Greenville Drive : RHP Chad Cheney
Batting: RHB Kevin Sides 0-0: Ball
1-0: Ball
2-0: Ball
3-0: Called Strike
3-1: Called Strike
3-2: Foul Ball, location: 9LMF
3-2: Strikes out swinging
Batting: RHB Andres Garcia 0-0: Called Strike
0-1: Foul Ball, location: 5F
0-2: Strikes out swinging
Batting: RHB Ted Voeltner 0-0: Ball
1-0: Called Strike
1-1: Ball
2-1: Foul Ball, location: 9LDF
2-2: Strikes out swinging
Top of the 2nd over - 0 runs, 0 hits, 0 errors, 0 left on base; Augusta 0 - Greenville 0
BOTTOM OF THE 2ND
Greenville Drive batting - Pitching for Augusta GreenJackets : RHP Jamar Smith
Batting: RHB Josh Storlie 0-0: Ball
1-0: SINGLE (Line Drive, 78S, EV 97.5 MPH)
Batting: RHB Chris Barley 0-0: Called Strike
0-1: Ball
1-1: Ball
2-1: SINGLE (Line Drive, 89S, EV 105.0 MPH)
Josh Storlie to second
Batting: LHB Jessie Bazemore 0-0: Ball
1-0: Called Strike
1-1: Ball
2-1: Ball
3-1: Foul Ball, location: 25F
3-2: Strikes out swinging
Batting: LHB Justin Bartholomew 0-0: Called Strike
0-1: Ball
1-1: Ball
2-1: Called Strike
2-2: Strikes out swinging
Batting: RHB Je-won Nah 0-0: Ball
1-0: Swinging Strike
1-1: Called Strike
1-2: Strikes out swinging
Bottom of the 2nd over - 0 runs, 2 hits, 0 errors, 2 left on base; Augusta 0 - Greenville 0
TOP OF THE 3RD
Augusta GreenJackets batting - Pitching for Greenville Drive : RHP Chad Cheney
Batting: RHB Antonio Rivera 0-0: Ball
1-0: Foul Ball, location: 2F
1-1: Ball
2-1: Ball
3-1: Swinging Strike
3-2: Strikes out swinging
Batting: RHB Justin Wagner 0-0: Ball
1-0: Foul Ball, location: 5F
1-1: Swinging Strike
1-2: Strikes out swinging
Batting: RHB Matt Bobrick 0-0: Foul Ball, location: 2F
0-1: Called Strike
0-2: DOUBLE (Line Drive, 78D, EV 105.0 MPH)
Batting: RHB Scott Clara 0-0: Ball
1-0: Swinging Strike
1-1: Ball
2-1: Called Strike
2-2: Strikes out swinging
Top of the 3rd over - 0 runs, 1 hit, 0 errors, 1 left on base; Augusta 0 - Greenville 0
BOTTOM OF THE 3RD
Greenville Drive batting - Pitching for Augusta GreenJackets : RHP Jamar Smith
Batting: LHB Chris Ward 0-0: Ball
1-0: Ground out 4-3 (Groundball, 4, EV 92.5 MPH)
Batting: RHB Frank Kravitz 0-0: Ball
1-0: Called Strike
1-1: Ground out 6-3 (Groundball, 6S, EV 83.1 MPH)
Batting: LHB James Borst 0-0: Ball
1-0: Called Strike
1-1: Swinging Strike
1-2: SINGLE (Groundball, 6, EV 85.0 MPH)
Batting: RHB Rich Bledsoe 0-0: Called Strike
0-1: Foul Ball, location: 9LDF
0-2: SINGLE (Line Drive, 4MD, EV 97.5 MPH)
James Borst to second
Batting: RHB Josh Storlie 0-0: Ball
1-0: Called Strike
1-1: Ball
2-1: Foul Ball, location: 23F
2-2: Ball
3-2: Foul Ball, location: 25F
3-2: Foul Ball, location: 2F
3-2: Ground out 6-3 (Groundball, P, EV 78.8 MPH)
Bottom of the 3rd over - 0 runs, 2 hits, 0 errors, 2 left on base; Augusta 0 - Greenville 0
TOP OF THE 4TH
Augusta GreenJackets batting - Pitching for Greenville Drive : RHP Chad Cheney
Batting: SHB Matt Russ 0-0: Ball
1-0: Foul Ball, location: 3F
1-1: Ball
2-1: Foul Ball, location: 7LMF
2-2: SINGLE (Line Drive, 89M, EV 105.6 MPH)
Batting: RHB Michael Meinert 0-0: Ball
1-0: Ball
2-0: Foul Ball, location: 2F
2-1: Foul Ball, location: 25FF
2-2: Ball
3-2: Fly out, F9 (Flyball, 9, EV 93.8 MPH)
Batting: RHB Kevin Sides 0-0: Foul Ball, location: 2F
0-1: Fly out, F9 (Line Drive, 9D, EV 93.8 MPH)
Batting: RHB Andres Garcia 0-0: Fielders Choice at 2nd, 5-4 (Groundball, 56, EV 102.5 MPH)
Top of the 4th over - 0 runs, 1 hit, 0 errors, 1 left on base; Augusta 0 - Greenville 0
BOTTOM OF THE 4TH
Greenville Drive batting - Pitching for Augusta GreenJackets : RHP Jamar Smith
Batting: RHB Chris Barley 0-0: Ball
1-0: Swinging Strike
1-1: Ball
2-1: Ball
3-1: Foul Ball, location: 23F
3-2: TRIPLE (Flyball, 89XD, EV 105.6 MPH)
Batting: LHB Jessie Bazemore 0-0: Ball
1-0: Foul Ball, location: 25F
1-1: Ball
2-1: Ball
3-1: Foul Ball, location: 2F
3-2: Foul Ball, location: 3FF
3-2: Fly out, F9 (Flyball, 9LM, EV 85.6 MPH)
Batting: LHB Justin Bartholomew 0-0: Ball
1-0: Called Strike
1-1: Ball
2-1: Ball
3-1: Foul Ball, location: 7LMF
3-2: Fly out, F8 (Flyball, 8LM, EV 93.1 MPH)
Batting: RHB Je-won Nah 0-0: Ball
1-0: Swinging Strike
1-1: SINGLE (Line Drive, 9S, EV 99.4 MPH)
Chris Barley scores
Batting: LHB Chris Ward 0-0: Ball
Je-won Nah steals 2nd base
1-0: Ball
2-0: Ball
3-0: Called Strike
3-1: Foul Ball, location: 9LSF
3-2: Ground out 4-3 (Groundball, 4, EV 81.9 MPH)
Bottom of the 4th over - 1 run, 2 hits, 0 errors, 1 left on base; Augusta 0 - Greenville 1
TOP OF THE 5TH
Augusta GreenJackets batting - Pitching for Greenville Drive : RHP Chad Cheney
Batting: RHB Ted Voeltner 0-0: Ball
1-0: Called Strike
1-1: Foul Ball, location: 9LSF
1-2: Strikes out swinging
Batting: RHB Antonio Rivera 0-0: Called Strike
0-1: Swinging Strike
0-2: Ball
1-2: Strikes out swinging
Batting: RHB Justin Wagner 0-0: Called Strike
0-1: Swinging Strike
0-2: Foul Ball, location: 2F
0-2: Ball
1-2: Ball
2-2: Foul Ball, location: 3F
2-2: Foul Ball, location: 5F
2-2: Ball
3-2: Strikes out swinging
Top of the 5th over - 0 runs, 0 hits, 0 errors, 0 left on base; Augusta 0 - Greenville 1
BOTTOM OF THE 5TH
Greenville Drive batting - Pitching for Augusta GreenJackets : RHP Jamar Smith
Pitching: RHP Michael Varillas
Batting: RHB Frank Kravitz 0-0: Foul Ball, location: 2F
0-1: SINGLE (Flyball, 8RS, EV 94.4 MPH)
Batting: LHB James Borst 0-0: Ball
1-0: Called Strike
1-1: Called Strike
1-2: Foul Ball, location: 9LSF
1-2: Ball
2-2: Grounds into double play, 6-4-3 (Groundball, 6, EV 90.0 MPH)
Batting: RHB Rich Bledsoe 0-0: Ball
1-0: Swinging Strike
1-1: Ball
2-1: Swinging Strike
2-2: Foul Ball, location: 9LDF
2-2: Ball
3-2: Foul Ball, location: 7LSF
3-2: Foul Ball, location: 2F
3-2: Strikes out swinging
Bottom of the 5th over - 0 runs, 1 hit, 0 errors, 0 left on base; Augusta 0 - Greenville 1
TOP OF THE 6TH
Augusta GreenJackets batting - Pitching for Greenville Drive : RHP Chad Cheney
Batting: RHB Matt Bobrick 0-0: Fly out, F8 (Flyball, 8LS, EV 86.3 MPH)
Batting: RHB Scott Clara 0-0: Ball
1-0: Ball
2-0: Foul Ball, location: 3F
2-1: Called Strike
2-2: Ball
3-2: Strikes out looking
Batting: SHB Matt Russ 0-0: DOUBLE (Line Drive, 89D, EV 103.8 MPH)
Batting: RHB Michael Meinert 0-0: Called Strike
0-1: Foul Ball, location: 23FF
0-2: Strikes out swinging
Top of the 6th over - 0 runs, 1 hit, 0 errors, 1 left on base; Augusta 0 - Greenville 1
BOTTOM OF THE 6TH
Greenville Drive batting - Pitching for Augusta GreenJackets : RHP Michael Varillas
Batting: RHB Josh Storlie 0-0: Ball
1-0: Fly out, F8 (Flyball, 8LD, EV 107.5 MPH)
Batting: RHB Chris Barley 0-0: Called Strike
0-1: Foul Ball, location: 2F
0-2: Foul Ball, location: 2F
0-2: Ball
1-2: Ball
2-2: Ball
3-2: Base on Balls
Batting: LHB Jessie Bazemore 0-0: Ball
1-0: Called Strike
1-1: Foul Ball, location: 9LMF
1-2: Fielders Choice at 2nd, 6-4 (Groundball, 6, EV 88.8 MPH)
Batting: LHB Justin Bartholomew 0-0: Ball
1-0: Ball
Jessie Bazemore is caught stealing 2nd base 2-6
Bottom of the 6th over - 0 runs, 0 hits, 0 errors, 0 left on base; Augusta 0 - Greenville 1
TOP OF THE 7TH
Augusta GreenJackets batting - Pitching for Greenville Drive : RHP Chad Cheney
Now at 2B: Chris Barley
Now at SS: Tim Dean
Now in LF: Je-won Nah
Now in RF: Jim Holmes
Pinch Hitting: LHB Steve Inniss 0-0: Ball
1-0: Swinging Strike
1-1: Called Strike
1-2: Foul Ball, location: 2F
1-2: Strikes out swinging
Batting: RHB Andres Garcia 0-0: Swinging Strike
0-1: Ball
1-1: Called Strike
1-2: Ball
2-2: Strikes out swinging
Pinch Hitting: RHB Orlando Chavez 0-0: Ball
1-0: Ball
2-0: Ball
3-0: Called Strike
3-1: Called Strike
3-2: Ground out U3 (Groundball, 34S, EV 79.4 MPH)
Top of the 7th over - 0 runs, 0 hits, 0 errors, 0 left on base; Augusta 0 - Greenville 1
BOTTOM OF THE 7TH
Greenville Drive batting - Pitching for Augusta GreenJackets : RHP Michael Varillas
Now at 3B: Jacob Carmer
Now at SS: Antonio Rivera
Now in RF: Steve Inniss
Batting: LHB Justin Bartholomew 0-0: Called Strike
0-1: Ground out U3 (Groundball, 3L, EV 83.1 MPH)
Batting: RHB Je-won Nah 0-0: Foul Ball, location: 3SF
0-1: Ball
1-1: Called Strike
1-2: Fly out, F7 (Line Drive, 78S, EV 93.8 MPH)
Batting: LHB Chris Ward 0-0: Ball
1-0: Called Strike
1-1: Fly out, F9 (Flyball, 9S, EV 90.0 MPH)
Bottom of the 7th over - 0 runs, 0 hits, 0 errors, 0 left on base; Augusta 0 - Greenville 1
TOP OF THE 8TH
Augusta GreenJackets batting - Pitching for Greenville Drive : RHP Chad Cheney
Pitching: RHP John Collins
Batting: RHB Antonio Rivera 0-0: Ball
1-0: Ball
2-0: Foul Ball, location: 9LSF
2-1: Swinging Strike
2-2: Ball
3-2: Strikes out looking
Batting: RHB Justin Wagner 0-0: Foul Ball, location: 9LDF
0-1: SINGLE (Flyball, 6D, EV 93.1 MPH) - OUT at second base trying to stretch hit.
Batting: RHB Matt Bobrick 0-0: Ball
1-0: Ball
2-0: Foul Ball, location: 2F
2-1: Called Strike
2-2: Strikes out looking
Top of the 8th over - 0 runs, 1 hit, 0 errors, 0 left on base; Augusta 0 - Greenville 1
BOTTOM OF THE 8TH
Greenville Drive batting - Pitching for Augusta GreenJackets : RHP Michael Varillas
Pitching: RHP Travis Slusser
Batting: RHB Frank Kravitz 0-0: Called Strike
0-1: Ball
1-1: Ball
2-1: Foul Ball, location: 2F
2-2: Foul Ball, location: 5SF
2-2: Foul Ball, location: 2F
2-2: Ball
3-2: SINGLE (Groundball, 4D, EV 100.6 MPH)
Batting: RHB Tim Dean 0-0: Fielders Choice at 2nd, 6-4 (Groundball, 6, EV 83.8 MPH)
Batting: RHB Rich Bledsoe 0-0: Swinging Strike
0-1: Foul Ball, location: 2F
0-2: Ball
1-2: Foul Ball, location: 7LMFF
1-2: Ball
2-2: Strikes out swinging
Batting: RHB Jim Holmes 0-0: Ball
1-0: Called Strike
1-1: Foul Ball, location: 2F
1-2: Ball
2-2: Ground out 6-3 (Groundball, 6M, EV 86.9 MPH)
Bottom of the 8th over - 0 runs, 1 hit, 0 errors, 1 left on base; Augusta 0 - Greenville 1
TOP OF THE 9TH
Augusta GreenJackets batting - Pitching for Greenville Drive : RHP John Collins
Now at 3B: Mark Bourassa
Batting: LHB Russ Sverdlov 0-0: Called Strike
0-1: Ball
1-1: Fly out, F9 (Line Drive, 9D, EV 95.0 MPH)
Batting: SHB Matt Russ 0-0: Called Strike
0-1: Foul Ball, location: 25FF
0-2: Ball
1-2: Ball
2-2: Foul Ball, location: 2F
2-2: Strikes out swinging
Batting: RHB Michael Meinert 0-0: Ball
1-0: Swinging Strike
1-1: Ball
2-1: Called Strike
2-2: Ground out 4-3 (Groundball, 4, EV 81.9 MPH)
Top of the 9th over - 0 runs, 0 hits, 0 errors, 0 left on base; Augusta 0 - Greenville 1
Sunday, May 5th , 2024 - OOTP Baseball 24.11 Build 85